 Dungeon Crawl Stone Soup version 0.19.4-10-g532645f (console) character file.

25937 Grinner the Brawler (level 12, 0/104 HPs)
             Began as a Troll Monk on Feb 23, 2017.
             Splashed by an acid blob's acid (15 damage)
             ... on level 1 of the Pits of Slime.
             The game lasted 00:32:58 (9308 turns).

Grinner the Brawler (Troll Monk)                    Turns: 9308, Time: 00:33:00

Health: 0/104      AC:  8    Str: 22    XL:     12   Next: 93%
Magic:  11/11      EV: 20    Int:  8    God:
Gold:   932        SH: 14    Dex: 21    Spells: 0 memorised, 11 levels left

rFire  + . .     SeeInvis .       - Unarmed
rCold  . . .     Gourm    +     p - +2 robe {rF+}
rNeg   . . .     Faith    .     C - +2 shield
rPois  .         Spirit   .     P - +2 hat
rElec  +         Reflect  .     V - +0 cloak
rCorr  .         Harm     .     (gloves unavailable)
MR     .....     Clarity  +     (boots unavailable)
Stlth  +++++..... Rnd*Tele +    s - amulet of regeneration
                                J - +3 ring of protection
                                g - ring of stealth

@: agile, corroded
A: unfitting armour, claws 3, thin metallic scales 1, thin skeletal structure 1,
yellow scales 1, clarity, clever 1, clumsy 1, deformed body, fast metabolism 3,
gourmand, regeneration 1, screaming 1, shaggy fur 1, electricity resistance,
teleportitis 1, tough skin 2
a: no special abilities


You were on level 1 of the Pits of Slime.
You were very full.

You visited 3 branches of the dungeon, and saw 17 of its levels.
You also visited: Ossuary.

You collected 959 gold pieces.
You spent 27 gold pieces at shops.

Inventory:

Armour
 p - a +2 robe of fire resistance (worn)
 C - a +2 shield (worn)
 O - a +0 troll leather armour
 P - a +2 hat (worn)
 V - a +0 cloak (worn)
Magical Staves
 u - an uncursed staff of wizardry
Jewellery
 f - an uncursed ring of see invisible
 g - a ring of stealth (left claw)
 i - an uncursed ring of flight
 k - a +5 ring of intelligence
 s - an amulet of regeneration (around neck)
 y - an uncursed ring of resist corrosion
 B - an uncursed ring of magical power
 H - an uncursed ring of flight
 J - a +3 ring of protection (right claw)
 M - an uncursed ring of see invisible
Wands
 q - a wand of iceblast (2/15)
 x - a wand of iceblast (12/15)
 E - a wand of iceblast (5/15)
 F - a wand of iceblast (11/15)
 I - a wand of paralysis (13/24)
 N - a wand of paralysis (16/24)
 W - a wand of lightning (8/15)
Scrolls
 a - 2 scrolls of amnesia
 c - 2 scrolls of remove curse
 e - 4 scrolls of blinking
 j - a scroll of enchant armour
 m - 5 scrolls of fog
 o - a scroll of teleportation
 D - 2 scrolls of recharging
 G - a scroll of enchant weapon
 K - 2 scrolls of silence
 L - 2 scrolls of identify
 Q - a scroll of fear
Potions
 l - a potion of might
 n - 3 potions of magic
 v - 4 potions of curing
 w - 6 potions of brilliance
 z - a potion of agility
 A - a potion of lignification
 S - 2 potions of beneficial mutation {unknown}
 T - 2 potions of flight
Books
 t - a book of Conjurations

   Spells                             Type                      Level
   a - Magic Dart                     Conjuration                  1
   b - Searing Ray                    Conjuration                  2
   c - Dazzling Spray                 Conjuration/Hexes            3
   d - Fulminant Prism                Conjuration/Hexes            4
   e - Iskenderun's Mystic Blast      Conjuration                  4
   f - Iskenderun's Battlesphere      Conjuration/Charms           5
Miscellaneous
 X - a fan of gales
Comestibles
 b - 7 bread rations
 h - 5 meat rations
 r - 3 slices of pizza
 R - 2 beef jerkies
 U - 14 fruits


   Skills:
 - Level 2.4 Fighting
 - Level 6.6 Dodging
 - Level 1.0 Stealth
 + Level 8.6 Shields
 * Level 17.2 Unarmed Combat


You had 11 spell levels left.
You didn't know any spells.

Dungeon Overview and Level Annotations

Branches:
Dungeon (10/15)            Temple (0/1) D:4            Lair (6/6) D:10
  Slime (1/5) Lair:6
  Swamp: Lair:2-4    Shoals: Lair:2-4     Snake: Lair:2-4    Spider: Lair:2-4
    Orc: D:9-12

Altars:
Ashenzari
Dithmenos
Gozag
Nemelex Xobeh
Qazlal
Sif Muna
Trog

Shops:
D:4 !   D:6 *


Innate Abilities, Weirdness & Mutations

You are too large for most types of armour.
You have claws for hands.
Your metabolism is lightning-fast.
You like to eat raw meat.
Your natural rate of healing is unusually fast.
You are covered in fur. (AC +1)
You have very tough skin. (AC +2)
You are partially covered in thin metallic scales. (AC +2)
You have a somewhat thin skeletal structure. (Dex +2, Stealth)
You are partially covered in yellow scales. (AC +2)
You possess an exceptional clarity of mind.
Your mind is acute. (Int +2)
You are clumsy. (Dex -2)
Armour fits poorly on your strangely shaped body.
You occasionally shout uncontrollably at your foes.
You are resistant to electric shocks. (rElec)
You are occasionally teleported next to monsters.


Message History

You mangle the acid blob!!
Your claws burn!
The acid blob is heavily wounded.
The acid blob closely misses you.
You claw the acid blob!
Your claws burn!
* * * LOW HITPOINT WARNING * * *
The acid blob is heavily wounded.
The acid blob hits you but does no damage.
You scratch the acid blob but do no damage.
Your claws burn!
* * * LOW HITPOINT WARNING * * *
The acid blob is heavily wounded.
You block the acid blob's attack.
You scratch the acid blob.
Your claws burn!
* * * LOW HITPOINT WARNING * * *
The acid blob is heavily wounded.
The acid blob spits acid at you. The splash of acid hits you!
* * * LOW HITPOINT WARNING * * *
You are splashed with acid!
The acid burns!
You die...

.... ..........
....#..........
....#.#....#....
................. ##
.................. ##..
#.......#.........# ....
#.................. ....
...........@J...... ....
.............##.... ....
.....................# ..#
.....................## #
#.##..................
............#........
#.##.......##......### ###
#.........#.....#..#.##..##
..........................#


You could see an acid blob.

Vanquished Creatures
  Pikel (D:6)
  3 shining eyes (Slime:1)
  7 elephants
  A black mamba (Lair:6)
  6 spiny frogs
  A komodo dragon (D:10)
  A troll (D:10)
  4 polar bears
  A two-headed ogre (D:9)
  Grinder (D:4)
  4 slime creatures (Slime:1)
  10 blink frogs
  5 hornets (Lair:6)
  8 hippogriffs
  8 dream sheep (Lair:5)
  A redback (Lair:6)
  11 spriggans (Lair:6)
  2 wyverns
  13 yaks
  Eustachio (D:5)
  Grum (D:10)
  A basilisk (Lair:1)
  A hungry ghost (D:9)
  2 water moccasins (Lair:6)
  3 orc warriors
  A sky beast (D:7)
  3 phantoms
  2 slaves (D:6)
  4 black bears
  An eye of draining (Slime:1)
  2 boggarts (Lair:6)
  4 centaurs
  4 ogres
  31 wolves
  2 big kobolds
  4 crocodiles
  4 bullfrogs
  2 water moccasin zombies
  3 scorpions
  5 howler monkeys
  An electric eel (Lair:1)
  4 crimson imps
  A bullfrog zombie (D:10)
  12 hounds
  2 jellies (D:7)
  3 orc wizards
  A centaur skeleton (D:8)
  7 orc priests
  Crazy Yiuf (D:5)
  An iguana (D:6)
  9 worker ants
  2 big kobold zombies (Ossuary)
  2 hound zombies (D:5)
  2 mummies (Ossuary)
  5 adders
  An ooze (D:3)
  2 adder skeletons
  7 adder zombies (Ossuary)
  4 worms
  5 dart slugs
  6 leopard geckos
  24 orcs
  5 giant cockroaches
  6 goblins
  3 hobgoblins
  5 jackals
  20 kobolds
  4 quokkas
  A ball python (D:2)
  11 bats
  4 frilled lizards
  2 gnoll zombies (Ossuary)
  5 hobgoblin zombies (Ossuary)
  5 kobold zombies (Ossuary)
  4 orc zombies (Ossuary)
  A quokka skeleton (D:4)
  12 rats
  A bush (D:5)
360 creatures vanquished.

Vanquished Creatures (others)
  6 fungi
  3 plants
9 creatures vanquished.

Grand Total: 369 creatures vanquished

Notes
Turn   | Place    | Note
-------+----------+-------------------------------------------
     0 | D:1      | Grinner the Troll Monk began the quest for the Orb.
     0 | D:1      | Reached XP level 1. HP: 22/22 MP: 0/0
   187 | D:1      | Reached XP level 2. HP: 29/29 MP: 1/1
   274 | D:1      | Found a sparkling altar of Nemelex Xobeh.
  1096 | D:2      | Reached XP level 3. HP: 36/36 MP: 2/2
  1196 | D:2      | Reached skill level 4 in Unarmed Combat
  1411 | D:2      | Found a deep blue altar of Sif Muna.
  1752 | D:3      | Reached XP level 4. HP: 44/44 MP: 3/3
  1995 | D:3      | Reached skill level 5 in Unarmed Combat
  2133 | D:3      | Reached XP level 5. HP: 50/50 MP: 4/4
  2301 | D:4      | Noticed Grinder
  2310 | D:4      | Paralysed by Grinder for 4 turns
  2323 | D:4      | Killed Grinder
  2323 | D:4      | Reached skill level 6 in Unarmed Combat
  2323 | D:4      | Reached XP level 6. HP: 15/59 MP: 5/5
  2419 | D:4      | Found a staircase to the Ecumenical Temple.
  2431 | D:4      | Reached XP level 7. HP: 62/66 MP: 6/6
  2462 | D:4      | Found Xiacomiu's Distillery.
  2465 | D:4      | Bought a potion of mutation for 27 gold pieces
  2465 | D:4      | Gained mutation: You are partially covered in thin metallic scales. (AC +2) [potion of mutation]
  2465 | D:4      | Gained mutation: You are clumsy. (Dex -2) [potion of mutation]
  2465 | D:4      | Gained mutation: You are resistant to electric shocks. (rElec) [potion of mutation]
  2494 | D:4      | Reached skill level 7 in Unarmed Combat
  2498 | D:4      | Found a stormy altar of Qazlal.
  2582 | D:4      | Found a shadowy altar of Dithmenos.
  3035 | D:5      | Entered Level 5 of the Dungeon
  3074 | D:5      | Noticed Eustachio
  3124 | D:5      | Killed Eustachio
  3124 | D:5      | Reached skill level 5 in Dodging
  3124 | D:5      | Reached skill level 8 in Unarmed Combat
  3160 | D:5      | Reached XP level 8. HP: 72/74 MP: 7/7
  3303 | D:5      | Found a shattered altar of Ashenzari.
  3304 | D:5      | Found a stormy altar of Qazlal.
  3519 | D:5      | Found a runed door.
  3523 | D:5      | Noticed Crazy Yiuf
  3527 | D:5      | Killed Crazy Yiuf
  3650 | D:5      | Found a sand-covered staircase.
  3655 | Ossuary  | Entered an ossuary
  3782 | Ossuary  | Reached skill level 9 in Unarmed Combat
  4096 | D:6      | Found Gozag's Platinum Reserve.
  4097 | D:6      | Found an opulent altar of Gozag.
  4211 | D:6      | Noticed Pikel
  4233 | D:6      | Killed Pikel
  4233 | D:6      | Reached skill level 10 in Unarmed Combat
  4233 | D:6      | Reached XP level 9. HP: 60/80 MP: 8/8
  4277 | D:6      | Noticed a moth of wrath
  4279 | D:6      | Found a bloodstained altar of Trog.
  5128 | D:7      | Reached skill level 11 in Unarmed Combat
  5182 | D:7      | Reached skill level 1 in Shields
  5192 | D:7      | Gained mutation: You have a somewhat thin skeletal structure. (Dex +2, Stealth) [mutagenic meat]
  5193 | D:7      | Gained mutation: Your flesh is cold resistant. (rC+) [mutagenic meat]
  5194 | D:7      | Lost mutation: You are clumsy. (Dex -2) [mutagenic meat]
  5195 | D:7      | Lost mutation: Your flesh is cold resistant. (rC+) [mutagenic meat]
  6089 | D:9      | Reached XP level 10. HP: 88/88 MP: 9/9
  6107 | D:9      | Reached skill level 12 in Unarmed Combat
  6559 | D:10     | Entered Level 10 of the Dungeon
  6637 | D:10     | Noticed Grum
  6652 | D:10     | Reached skill level 13 in Unarmed Combat
  6657 | D:10     | Killed Grum
  6736 | D:10     | Found a staircase to the Lair.
  6742 | D:10     | Noticed a hill giant
  6746 | Lair:1   | Entered Level 1 of the Lair of Beasts
  6867 | Lair:1   | Noticed a spiny frog
  6867 | Lair:1   | Noticed a spiny frog
  6875 | Lair:1   | Killed a spiny frog
  6875 | Lair:1   | Reached skill level 5 in Shields
  6889 | Lair:1   | Killed a spiny frog
  6941 | Lair:1   | Reached XP level 11. HP: 92/94 MP: 10/10
  7099 | Lair:2   | Reached skill level 14 in Unarmed Combat
  7479 | Lair:5   | Noticed a five-headed hydra
  7510 | Lair:6   | Entered Level 6 of the Lair of Beasts
  7514 | Lair:6   | Gained mutation: You are partially covered in yellow scales. (AC +2) [potion of mutation]
  7589 | Lair:6   | Reached skill level 15 in Unarmed Combat
  7663 | Lair:6   | Noticed an eight-headed hydra
  7875 | Lair:5   | Reached XP level 12. HP: 92/104 MP: 11/11
  8043 | Lair:5   | Gained mutation: You possess an exceptional clarity of mind. [potion of mutation]
  8668 | Lair:6   | Reached skill level 16 in Unarmed Combat
  9131 | Lair:6   | Found a staircase to the Slime Pits.
  9153 | Slime:1  | Entered Level 1 of the Pits of Slime
  9163 | Slime:1  | Gained mutation: You occasionally shout uncontrollably at your foes. [a shining eye]
  9165 | Slime:1  | Gained mutation: Your mind is acute. (Int +2) [a shining eye]
  9172 | Slime:1  | Reached skill level 17 in Unarmed Combat
  9176 | Slime:1  | Noticed an azure jelly
  9202 | Slime:1  | Gained mutation: You are occasionally teleported next to monsters. [a shining eye]
  9204 | Slime:1  | Gained mutation: Armour fits poorly on your strangely shaped body. [a shining eye]
  9212 | Slime:1  | Gained mutation: You are clumsy. (Dex -2) [a shining eye]
  9297 | Slime:1  | Noticed an acid blob
  9308 | Slime:1  | Splashed by an acid blob's acid

Skill      XL: |  1  2  3  4  5  6  7  8  9 10 11 12 |
---------------+-------------------------------------+-----
Unarmed Combat | 4 5 6 8 10 11 13 15 17 | 17.2
Dodging        | 3 4 5 6 |  6.6
Shields        | 2 5 7 8 |  8.6
Fighting       | |  2.4
Stealth        | |  1.0

Action                   |  1- 3 |  4- 6 |  7- 9 | 10-12 || total
-------------------------+-------+-------+-------+-------++-------
Melee: Unarmed           |   100 |    99 |   457 |   645 ||  1301
       Punch             |     1 |     2 |    12 |       ||    15
Evoke: Wand              |       |       |     1 |       ||     1
  Use: Potion            |       |     5 |     4 |     8 ||    17
       Scroll            |       |       |    20 |     6 ||    26
 Stab: Sleeping          |     5 |     1 |     8 |     1 ||    15
       Distracted        |       |       |     2 |       ||     2
  Eat: Chunk             |    13 |    10 |    34 |    37 ||    94
       Meat ration       |     1 |       |       |       ||     1
Armor: Robe              |    30 |    27 |   161 |   181 ||   399
       Skin              |       |     2 |       |    18 ||    20
Dodge: Dodged            |    45 |    59 |   247 |   314 ||   665
Block: Shield            |       |       |    43 |   413 ||   456
